 Dungeon Crawl Stone Soup version 0.30-a0-3-gc9032a9cac (webtiles) character file.

Game seed: 13403191793028051425

95 BritishOli the Trooper (level 4, -1/36 HPs)
             Began as a Demonspawn Fighter on Aug 20, 2022.
             Slain by a gnoll
             ... wielding a +0 flail
              (7 damage)
             ... on level 3 of the Dungeon.
             The game lasted 00:01:26 (2377 turns).

BritishOli the Trooper (Demonspawn Fighter)         Turns: 2377, Time: 00:01:26

Health: -1/36      AC: 12    Str: 18    XL:     4   Next: 40%
Magic:  4/4        EV:  9    Int: 10    God:
Gold:   144        SH:  5    Dex: 18    Spells: 3/3 levels left

rFire   . . .      SeeInvis .    a - +0 long sword
rCold   . . .      Faith    .    c - +0 buckler
rNeg    . . .      Spirit   .    b - +0 scale mail
rPois   .          Reflect  .    (no helmet)
rElec   .          Harm     .    (no cloak)
rCorr   .          Rampage  .    (no gloves)
Will    .....                    (no boots)
Stlth   ..........               (no amulet)
HPRegen 0.12/turn                j - +4 ring of protection
MPRegen 0.09/turn                k - +6 ring of dexterity

@: no status effects
A: claws 1, molten scales 1, spiny 1
a: no special abilities


You were on level 3 of the Dungeon.
You visited 1 branch of the dungeon, and saw 3 of its levels.

You collected 144 gold pieces.

Inventory:

Hand Weapons
 a - a +0 long sword (weapon)
Armour
 b - a +0 scale mail (worn)
 c - a +0 buckler (worn)
Jewellery
 j - a +4 ring of protection (left claw)
 k - a +6 ring of dexterity (right claw)
 m - a ring of resist corrosion
 p - a ring of fire
Scrolls
 g - a scroll of identify {unknown}
 h - a scroll of blinking {unknown}
 l - 2 scrolls of teleportation {unknown}
 o - a scroll of silence {unknown}
Potions
 d - a potion of might
 e - a potion of flight {unknown}
 f - 2 potions of curing {unknown}
 i - a potion of attraction {unknown}
 n - a potion of magic {unknown}
 q - 2 potions of haste {unknown}


   Skills:
 + Level 3.6 Fighting
 + Level 2.6 Long Blades
 + Level 3.3 Armour
 + Level 3.3 Shields


You had 3 spell levels left.
You didn't know any spells.
Your spell library contained the following spells:

 Spells                   Type           Power      Damage    Failure   Level
 Poisonous Vapours        Pois/Air       0%         N/A       93%         2
 Gell's Gravitas          Tloc           0%         N/A       99%         3
 Teleport Other           Tloc           0%         N/A       99%         3
 Corpse Rot               Necr/Pois/Air  0%         N/A       100%        4
 Hailstorm                Conj/Ice       0%         3d3       100%        4
 Ice Form                 Ice/Tmut       0%         N/A       100%        4
 Dispersal                Tloc           0%         N/A       100%        6
 Simulacrum               Ice/Necr       0%         N/A       100%        6


Dungeon Overview and Level Annotations

Branches:
Dungeon (3/15)

Altars:
Dithmenos
Wu Jian


Innate Abilities, Weirdness & Mutations

You have sharp fingernails.
You are partially covered in molten scales. (AC +2)
You are partially covered in sharp spines.


Message History

There are monsters nearby! 2 gnolls come into view.
Found a stone staircase leading up.
The gnoll shouts! x2
There are monsters nearby!
You hit the gnoll but do no damage.
There are monsters nearby!
You closely miss the gnoll. The gnoll hits you but does no damage.
The gnoll throws a throwing net.
The throwing net hits you.
You become entangled in the net!
The gnoll hits you with a +0 flail.
There are monsters nearby!
You are held in a net!
There are monsters nearby!
There are monsters nearby!
You are held in a net!
You are held in a net!
You struggle against the net.
The gnoll hits you but does no damage. The gnoll is struck by your spines.
The gnoll barely misses you. The gnoll is struck by your spines.
The gnoll hits you but does no damage.
Unknown command.
You struggle against the net.
The gnoll hits you but does no damage.
A rat comes into view.
The gnoll is struck by your spines. The gnoll barely misses you.
You struggle against the net.
The gnoll hits you from afar with a +0 spear.
The gnoll barely misses you. The gnoll hits you with a +0 flail.
You struggle against the net.
The gnoll hits you but does no damage. The gnoll hits you with a +0 flail.
Unknown command.
You are held in a net!
You are held in a net!
You struggle against the net.
The gnoll hits you from afar with a +0 spear.
The gnoll hits you with a +0 club! The gnoll hits you but does no damage.
You shred the net and break free!
The gnoll hits you from afar with a +0 spear!
* * * LOW HITPOINT WARNING * * *
The gnoll is struck by your spines. The gnoll barely misses you.
The gnoll attacks as you move away! The gnoll hits you with a +0 flail!
You die...

#......#.#
#......#.#
..
########.#
.# #.# #'##
#.### ...#
#...# ...#
###.#
...###.
#.##.......
#..@g......
####g.r....


gg..... ....... ....... .#..... .#.###. ...< You could see 4 gnolls and a rat.

Vanquished Creatures
  Robin (D:2)
  An adder (D:2)
  2 worms (D:2)
  2 dart slugs (D:1)
  5 orcs (D:3)
  4 ball pythons
  6 bats
  3 endoplasms (D:1)
  5 giant cockroaches (D:2)
  7 goblins
  8 hobgoblins
  4 jackals (D:1)
  A quokka (D:2)
  4 kobolds
  3 rats
56 creatures vanquished.

Notes
Turn   | Place    | Note
-------+----------+-------------------------------------------
     0 | D:1      | BritishOli the Demonspawn Fighter began the quest for the
                  | Orb.
     0 | D:1      | Reached XP level 1. HP: 18/18 MP: 1/1
   258 | D:1      | Gained mutation: You have sharp fingernails. [demonic
                  | ancestry]
   258 | D:1      | Reached XP level 2. HP: 24/24 MP: 2/2
   732 | D:1      | Gained mutation: You are partially covered in sharp spines.
                  | [demonic ancestry]
   732 | D:1      | Reached XP level 3. HP: 16/29 MP: 3/3
  1078 | D:2      | Noticed Robin
  1091 | D:2      | Killed Robin
  1329 | D:2      | Found a shadowy altar of Dithmenos.
  1424 | D:2      | Found a faded altar of an unknown god.
  1428 | D:2      | Gained mutation: You are partially covered in molten
                  | scales. (AC +2) [demonic ancestry]
  1428 | D:2      | Reached XP level 4. HP: 34/35 MP: 4/4
  2280 | D:3      | Found an ornate altar of the Wu Jian Council.
  2377 | D:3      | Slain by a gnoll

Illustrated notes

Levels and vault maps discovered:
D:1:      psy_arrival_conway, layout_loops_cross
D:2:      layout_basic, basic_altar, hellmonk_ecumenical_altar_heavens_door,
          minmay_worlds_worst_comb, uniq_robin
D:3:      layout_basic, nicolae_ru_sacrificial_ziggurat,
          nicolae_wu_jian_wuxing_cycle, minivault_11, st_stairs_13,
          minmay_misc_feat_secret_circle

Skill      XL: |  1  2 |
---------------+-------+-----
Long Blades    | 2 |  2.6
Armour         | 3 |  3.3
Shields        | 3 |  3.3
Fighting       | |  3.6

Action                   |  1- 3 |  4- 6 || total
-------------------------+-------+-------++-------
Melee: Long sword        |    91 |    47 ||   138
Armor: Scale mail        |    54 |    15 ||    69
Dodge: Dodged            |    60 |    22 ||    82
Block: Buckler           |    36 |     9 ||    45

Table legend: (Time is in decaauts)
 A = Elapsed time spent in this place.
 B = Non-inter-level travel time spent in this place.
 C = Inter-level travel time spent in this place.
 D = Time resting spent in this place.
 E = Time spent auto-exploring this place.
 F = Levels seen in this place.
 G = Mean time per level.
                   A        B        C        D        E       F      G
               +--------+--------+--------+--------+--------+-----+--------+
         Total |   2422 |   2296 |    126 |    144 |   1800 |   3 |  807.3 |
       Dungeon |   2422 |   2296 |    126 |    144 |   1800 |   3 |  807.3 |
               +--------+--------+--------+--------+--------+-----+--------+

Top non-repeatable levels by time:
     D:2: 1104 daAuts
     D:1: 1041 daAuts
     D:3: 276 daAuts
